Map: Dreamcatcher LE

Players

Rogue - Winner!

  • Race: Zerg Zerg
  • Spawn Location: 5:00

TYTY (TY)

  • Race: Terran Terran
  • Spawn Location: 11:00

Event: 2018 WCS Global Finals

VOD

Have the link to the VOD?

Description

Time

  • Played on: Nov. 2, 2018, 6:21 p.m.
  • Length: 4:11

All games in this series

Show
View Real Time Build Order
Export as new Build Order

Rogue Zerg - Winner!

Build Orders: Pool First 

Get SALT Encoding   

  12  0:00  Drone  
  13  0:12  Overlord  
  13  0:17  Drone  
  14  0:30  Drone x2  
  16  0:41  Spawning Pool  
  15  0:44  Drone  
  15  0:47  Drone  
  17  1:08  Hatchery  
  17  1:11  Drone  
  17  1:25  Extractor  
  16  1:27  Queen  
  16  1:31  Drone x2  
  16  1:32  Drone  
  21  1:47  Roach Warren  
  21  1:52  Overlord  
  20  1:59  Zergling x2  
  21  2:27  Roach  
  21  2:28  Roach x3  
  29  2:32  Overlord  
  29  2:35  Roach  
  31  2:37  Zergling x4  
  31  2:41  Zergling x2  
  31  2:42  Zergling x2  
  35  2:52  Roach  
  35  2:53  Zergling x2  
  38  3:04  Roach x2  
  40  3:27  Hatchery  
  40  3:28  Overlord  
  39  3:35  Overlord  
  39  3:48  Ravager  
  39  3:49  Drone x2  
  39  3:50  Drone x2  
  44  3:58  Drone x2  
Show
View Real Time Build Order
Export as new Build Order

TYTY Terran 

Build Orders:  

Get SALT Encoding   

  12  0:00  SCV  
  13  0:12  SCV  
  14  0:18  Supply Depot  
  14  0:24  SCV  
  15  0:40  Barracks  
  15  0:50  Barracks  
  15  0:53  SCV  
  16  1:05  SCV  
  17  1:18  SCV  
  18  1:19  Refinery  
  18  1:27  Marine  
  18  1:31  Orbital Command  
  19  1:37  Marine, Supply Depot  
  20  1:45  Marine  
  21  1:53  Bunker  
  21  1:55  Marine  
  21  1:57  SCV  
  23  2:05  Marine  
  24  2:15  Bunker  
  25  2:23  Bunker  
  25  2:26  SCV, Factory  
  25  2:30  Marine  
  25  2:32  Marine  
  27  2:38  SCV  
  28  2:48  Marine  
  28  2:50  Marine  
  28  2:51  Supply Depot, SCV  
  30  3:03  SCV  
  27  3:13  Bunker  
  24  3:21  Starport  
  24  3:23  SCV  
  23  3:27  Factory Reactor  
  23  3:35  SCV  
  23  3:37  Refinery  
  24  3:47  SCV  
  25  3:59  SCV  
Tags
 
Add a new tag
Caveats
  • Supply blocks, unpowered buildings, or Contaminate may cause inaccurate times.
  • Supply counts are checked every 10 seconds.